Map: Abyssal Reef LE

Players

Whiskydog - Winner!

  • Race: Terran Terran
  • League: Silver
  • Spawn Location: 11:00

PrinceKitten

  • Race: Zerg Zerg
  • League: Gold
  • Spawn Location: 5:00

VOD

Have the link to the VOD?

Description

Time

  • Played on: June 18, 2017, 5:37 a.m.
  • Length: 14:29
Show
View Real Time Build Order
Export as new Build Order

Whiskydog Terran - Winner!

Build Orders: MMM Bio 

Get SALT Encoding   

  12  0:01  SCV  
  13  0:13  SCV  
  14  0:18  Supply Depot  
  14  0:25  SCV  
  15  0:39  SCV  
  15  0:41  Barracks  
  16  0:52  SCV  
  17  1:00  Refinery  
  17  1:04  SCV  
  18  1:10  Supply Depot  
  18  1:16  SCV  
  19  1:30  Orbital Command  
  19  1:49  Barracks Reactor  
  19  1:50  Command Center  
  19  2:02  Barracks  
  19  2:04  SCV  
  20  2:16  SCV  
  20  2:19  Supply Depot  
  21  2:25  Marine x2  
  21  2:28  SCV  
  24  2:34  Factory  
  24  2:48  Barracks  
  24  2:51  Marine x2, Barracks Tech Lab  
  24  2:55  SCV  
  27  3:04  Orbital Command  
  27  3:08  SCV  
  27  3:10  Refinery  
  28  3:12  Marine  
  28  3:16  Marine  
  28  3:19  Factory Reactor  
  30  3:20  SCV  
  31  3:32  SCV  
  32  3:36  Marine  
  32  3:38  Barracks Reactor, Marine x2  
  35  3:41  Stimpack  
  35  3:45  SCV  
  35  3:47  SCV  
  37  3:54  Marine  
  38  3:56  Marine x2  
  38  3:59  SCV x2  
  42  4:06  Refinery  
  42  4:10  Engineering Bay  
  42  4:13  Engineering Bay  
  42  4:16  Starport  
  42  4:27  Factory Tech Lab, Marine x2  
  42  4:28  Marine x3  
  47  4:35  SCV x2  
  49  4:47  Terran Infantry Weapons Level 1, SCV x2  
  49  4:48  Terran Infantry Armor Level 1  
  49  4:50  Marine x3  
  54  5:10  Supply Depot  
  54  5:14  Supply Depot  
  54  5:19  Starport  
  54  5:28  Barracks x2  
  54  5:31  Marine x5  
  54  5:32  Siege Tank  
  62  5:36  SCV x2  
  64  5:42  Refinery  
  64  5:47  Medivac x2  
  64  5:48  SCV x2  
  70  5:55  Combat Shields  
  70  6:18  Barracks Tech Lab  
  70  6:20  Command Center, Barracks Tech Lab  
  70  6:33  Supply Depot  
  70  6:36  Supply Depot x2  
  70  6:37  Supply Depot  
  70  6:38  Medivac x2, Marine x4  
  78  6:43  Marine  
  78  6:54  SCV x2  
  78  6:55  Marine  
  78  6:56  Marine  
  78  6:57  Marine x2  
  84  7:03  Siege Tank  
  84  7:07  SCV x2  
  84  7:08  Medivac x2  
  87  7:38  Marine x4  
  87  7:39  Marine  
  87  7:42  Marauder x2  
  96  7:49  Barracks  
  96  7:51  Barracks  
  96  7:52  SCV x2  
  96  7:53  Barracks  
  96  7:56  Planetary Fortress  
  96  7:57  Marauder  
  100  7:59  Marine  
  100  8:03  Marauder x2  
  100  8:04  SCV x2  
  107  8:16  SCV x2  
  107  8:19  Marauder  
  111  8:21  Marine x4  
  111  8:25  Marauder  
  111  8:26  Marauder  
  119  8:35  Armory  
  119  8:38  Marine  
  119  8:39  Marine  
  121  8:43  Marauder  
  121  8:44  Marine x2  
  125  9:05  Supply Depot  
  125  9:08  Supply Depot  
  125  9:09  Supply Depot  
  125  9:23  Supply Depot  
  125  9:24  Supply Depot  
  125  9:25  Supply Depot  
  125  9:26  Marine x3, SCV x3  
  125  9:27  Marauder  
  125  9:29  Marine x2  
  135  9:31  Marine  
  135  9:37  Barracks Tech Lab  
  135  9:38  Barracks Reactor, Barracks Tech Lab, SCV x2  
  136  9:39  SCV  
  136  9:44  Marine x3  
  142  9:45  Medivac  
  142  9:46  Medivac  
  142  9:48  Marauder  
  142  9:50  Starport Tech Lab  
  148  9:58  Starport  
  148  10:05  Marine x5  
  153  10:11  Marauder x3  
  159  10:21  SCV x3  
  161  10:26  Marine x2  
  161  10:27  Marine x4  
  168  10:33  Supply Depot x2, SCV x2  
  168  10:34  Supply Depot x2, Marauder  
  172  10:36  Supply Depot  
  172  10:37  Terran Infantry Weapons Level 2  
  172  10:38  Terran Infantry Armor Level 2  
  172  10:43  Concussive Shells  
  172  10:44  Marine  
  173  10:54  Marine  
  173  10:55  Marauder x4, SCV  
  173  10:56  Marauder  
  185  11:00  Command Center  
  185  11:21  Starport Tech Lab  
  185  11:24  Raven  
  187  11:27  Viking  
  187  11:28  Viking  
  191  11:49  Refinery  
  191  11:51  Refinery  
  191  11:56  Refinery  
  191  11:57  Refinery  
  191  12:00  Cloaking Field  
  191  12:05  Hyperflight Rotors  
  191  12:24  Marine x3  
  191  12:25  Marine x3  
  191  12:26  Marauder, Marine  
  200  13:16  Planetary Fortress  
  198  13:59  Marine x2  
Show
View Real Time Build Order
Export as new Build Order

PrinceKitten Zerg 

Build Orders: Hatch First 

Get SALT Encoding   

  12  0:03  Drone  
  13  0:13  Overlord  
  13  0:20  Drone  
  14  0:31  Drone  
  15  0:38  Drone x2  
  17  0:57  Drone  
  18  0:59  Hatchery  
  17  1:06  Drone  
  18  1:16  Spawning Pool  
  17  1:21  Drone, Extractor  
  17  1:22  Drone  
  18  1:29  Drone  
  19  1:43  Overlord  
  19  1:51  Drone  
  20  1:55  Extractor  
  19  2:02  Drone  
  20  2:10  Roach Warren  
  20  2:14  Queen  
  21  2:17  Queen  
  23  2:27  Drone  
  25  2:30  Drone  
  25  2:33  Drone  
  25  2:36  Drone  
  27  2:43  Metabolic Boost  
  27  2:47  Drone  
  27  2:49  Drone  
  29  2:53  Drone, Queen  
  32  3:02  Lair  
  32  3:16  Extractor  
  31  3:21  Extractor  
  30  3:29  Queen  
  32  3:47  Evolution Chamber  
  31  3:49  Evolution Chamber  
  31  3:55  Drone x3  
  33  3:56  Drone  
  34  4:05  Drone  
  34  4:06  Drone  
  34  4:09  Overlord x4  
  36  4:23  Zerg Ground Armor Level 1  
  36  4:24  Zerg Missile Weapons Level 1  
  36  4:37  Spore Crawler  
  35  4:42  Spine Crawler  
  34  4:47  Glial Reconstitution  
  34  4:52  Burrow  
  34  4:54  Queen  
  36  5:10  Roach  
  36  5:11  Roach x3  
  44  5:14  Roach  
  44  5:18  Roach  
  48  5:28  Roach x2  
  50  5:32  Drone  
  50  5:33  Drone  
  54  5:36  Drone  
  54  5:40  Drone  
  54  5:42  Drone  
  57  5:53  Drone x4  
  61  6:15  Roach  
  61  6:16  Roach  
  61  6:17  Hatchery  
  66  6:18  Roach  
  66  6:36  Zerg Ground Armor Level 2  
  66  6:37  Zerg Missile Weapons Level 2  
  66  6:46  Roach  
  68  6:50  Overlord x2  
  68  6:51  Overlord  
  68  6:52  Overlord  
  68  6:55  Overlord  
  68  7:09  Zergling x8  
  68  7:10  Zergling x4  
  60  7:30  Roach x3  
  60  7:59  Hatchery  
  59  8:06  Hatchery  
  59  8:09  Drone x3  
  59  8:10  Drone x3  
  59  8:11  Extractor  
  63  8:17  Extractor  
  63  8:18  Drone x5  
  63  8:19  Drone  
  68  8:29  Spine Crawler  
  68  8:31  Spine Crawler  
  68  8:32  Spine Crawler  
  65  9:01  Infestation Pit  
  64  9:05  Hydralisk Den  
  63  9:10  Tunneling Claws  
  63  9:12  Pneumatized Carapace  
  63  9:18  Drone x3  
  63  9:19  Drone x5  
  63  9:20  Drone x2  
  73  9:24  Queen  
  73  9:26  Queen  
  73  9:28  Queen  
  73  9:30  Queen  
  81  9:47  Baneling Nest  
  81  9:52  Spawning Pool  
  79  9:57  Hydralisk  
  79  9:58  Hydralisk x8  
  97  10:18  Drone x2  
  99  10:22  Extractor  
  99  10:24  Extractor  
  97  10:39  Muscular Augments  
  97  10:41  Pathogen Glands  
  97  10:53  Drone x3  
  100  10:59  Hydralisk  
  100  11:00  Hydralisk  
  100  11:02  Hydralisk  
  106  11:06  Zergling x2  
  106  11:07  Zergling x8  
  111  11:12  Drone x6  
  111  11:13  Drone x9  
  126  11:34  Hive  
  126  11:40  Centrifical Hooks  
  126  11:59  Baneling x4  
  126  12:00  Baneling x5  
  126  12:02  Baneling x2  
  126  12:05  Overlord  
  126  12:06  Overlord x16  
  126  12:07  Overlord x2  
  126  12:23  Queen x3  
  132  12:41  Baneling  
  132  12:42  Baneling x5  
  132  13:06  Roach x2  
  132  13:10  Drone x3  
  140  13:12  Drone  
  140  13:13  Drone x2  
  140  13:19  Drone x3  
  145  13:20  Drone x7  
  145  13:21  Drone x4  
  145  13:26  Extractor  
  155  14:06  Roach x7  
  155  14:07  Roach x2  
  155  14:08  Roach x4  
  155  14:09  Roach x3  
Tags
 
Composition
MMM Bio
Matchup
TvZ
Replay Pack
SIII
Spawn Locations
Cross Positions
Add a new tag
Caveats
  • Supply blocks, unpowered buildings, or Contaminate may cause inaccurate times.
  • Supply counts are checked every 10 seconds.